 Dungeon Crawl Stone Soup version 0.23.2-40-g277498a001 (webtiles) character file.

Game seed: 15063893704312501310

14007 Araneus the Nimble (level 11, -9/51 HPs)
             Began as a Spriggan Enchanter on Aug 26, 2019.
             Was a High Priest of Okawaru.
             Killed from afar by a gargoyle (26 damage)
             ... with a stone arrow
             ... on level 11 of the Dungeon on Aug 28, 2019.
             The game lasted 01:03:20 (11983 turns).

Araneus the Nimble (Spriggan Enchanter)            Turns: 11983, Time: 01:03:21

Health: -9/51      AC: -6    Str: 10    XL:     11   Next: 83%
Magic:  24/24      EV: 33    Int: 18    God:    Okawaru [*****.]
Gold:   800        SH:  8    Dex: 19    Spells: 20/26 levels left

rFire    . . .     SeeInvis +   a - +6 quick blade
rCold    . . .     Gourm    .   u - +0 buckler
rNeg     . . .     Faith    .   i - +2 robe {Archmagi}
rPois    .         Spirit   .   g - +2 hat
rElec    .         Reflect  .   (no cloak)
rCorr    .         Harm     .   (gloves unavailable)
MR       +....                  (boots unavailable)
Stlth    ++++......             (no amulet)
HPRegen  0.17/turn              l - +4 ring of evasion
MPRegen  0.19/turn              r - +6 ring of strength

@: corroded, very quick
A: very small, unfitting armour, see invisible, herbivore, speed 3, slow
metabolism 2
a: Heroism, Finesse, Renounce Religion


You were on level 11 of the Dungeon.
You worshipped Okawaru.
Okawaru was extremely pleased with you.
You were hungry.

You visited 2 branches of the dungeon, and saw 12 of its levels.

You collected 800 gold pieces.

Inventory:

Hand Weapons
 a - a +6 quick blade (weapon)
Missiles
 K - a throwing net (quivered)
Armour
 g - a +2 hat (worn)
 i - a +2 robe of the Archmagi (worn)
 u - a +0 buckler (worn)
 J - a +1 robe of magic resistance
Jewellery
 l - a +4 ring of evasion (left hand)
 m - an uncursed ring of resist corrosion
 r - a +6 ring of strength (right hand)
Wands
 b - a wand of disintegration (23)
 h - a wand of enslavement (4)
 j - a wand of paralysis (6)
 I - a wand of scattershot (5)
 Q - a wand of flame (37)
Scrolls
 c - 2 scrolls of immolation
 f - a scroll of summoning {unknown}
 k - 4 scrolls of remove curse
 o - 6 scrolls of fear
 s - a scroll of magic mapping {unknown}
 v - a scroll of amnesia {unknown}
 x - 2 scrolls of teleportation
 y - 3 scrolls of noise {unknown}
 C - 2 scrolls of enchant armour {unknown}
 E - a scroll of enchant weapon {unknown}
 H - a scroll of fog {unknown}
 L - 2 scrolls of blinking {unknown}
 M - a scroll of holy word {unknown}
Potions
 d - 2 potions of cancellation
 q - 4 potions of brilliance
 t - a potion of resistance
 w - a potion of curing
 A - a potion of agility
 D - a potion of might {unknown}
 G - a potion of berserk rage {unknown}
 N - a potion of degeneration {unknown}
Comestibles
 e - 21 rations


   Skills:
 + Level 2.4 Fighting
 - Level 10.0 Short Blades
 + Level 11.9 Dodging
 - Level 8.2 Stealth
 * Level 5.9 Shields
 - Level 8.1 Spellcasting
 - Level 10.0 Hexes
 - Level 7.0 Evocations


You had 20 spell levels left.
You knew the following spells:

 Your Spells              Type           Power        Failure   Level  Hunger
a - Corona                Hex            ######.      1%          1    None
b - Ensorcelled Hibernat  Hex/Ice        #####.       1%          2    None
c - Confuse               Hex            ######..     1%          3    #......

Your spell library contained the following spells:

 Spells                   Type           Power        Failure   Level  Hunger
 Tukima's Dance           Hex            ######..     1%          3    #......
 Dazzling Spray           Conj/Hex       #####.       4%          3    #......
 Animate Skeleton         Necr           N/A          11%         1    None
 Pain                     Necr           ##..         11%         1    None
 Regeneration             Chrm/Necr      ##........   30%         3    #......
 Vampiric Draining        Necr           ##........   30%         3    #......
 Animate Dead             Necr           N/A          71%         4    ###....


Dungeon Overview and Level Annotations

Branches:
Dungeon (11/15)            Temple (1/1) D:6             Orc (0/2) D:9
   Lair: D:8-11

Altars:
Ashenzari
Cheibriados
Dithmenos
Elyvilon
Fedhas
Gozag
Hepliaklqana
Kikubaaqudgha
Makhleb
Nemelex Xobeh
Okawaru
Qazlal
Ru
Sif Muna
Trog
Uskayaw
Vehumet
Wu Jian
Xom
Yredelemnul
Zin
The Shining One
Lugonu

Shops:
D:8 (   D:9 (


Innate Abilities, Weirdness & Mutations

You are very small and have problems with some larger weapons.
You are too small for most types of armour.
You have supernaturally acute eyesight. (SInv)
You are a herbivore.
You cover ground extremely quickly.
You need to consume almost no food.


Message History

The stone arrow misses you.
You hit the gargoyle but do no damage. You barely miss the gargoyle.
You hit the gargoyle but do no damage.
The gargoyle hurls a stone arrow at you.
The stone arrow misses you.
You hit the gargoyle but do no damage. You hit the gargoyle but do no damage.
You hit the gargoyle but do no damage.
The gargoyle hurls a stone arrow at you.
You block the stone arrow. The gargoyle completely misses you.
The gargoyle hits you with a +0 mace!!
* * * LOW HITPOINT WARNING * * *
You block the gargoyle's attack.
You see here a kobold corpse.
The gargoyle hurls a stone arrow at you.
The stone arrow hits you!!
Ouch! That really hurt!
You die...

####.# ##.# ......#
#..# .......###.#
...........#
......)....#
..........9#
.........#.#
.........#.#######
.............##@.##
...........#...#†.#
?........#####9...#
.$.......# ###.(#
.........# ###..#
........## ##...
#.......#
.....5....
##..###.# ... ....
.. .K.K


You could see a gargoyle.

Vanquished Creatures
  2 centaur warriors (D:10)
  3 two-headed ogres
  An unseen horror (D:10)
  A deep elf mage (D:10)
  2 orc sorcerers (D:10)
  A gargoyle (D:10)
  A kobold demonologist (D:10)
  A tengu conjurer (D:10)
  A troll (D:10)
  2 hippogriffs
  A human (D:10)
  14 yaks
  A wraith (D:7)
  3 hogs (D:10)
  3 hungry ghosts
  3 orc warriors
  4 ice beasts
  A phantom (D:10)
  A black bear (D:10)
  A necrophage (D:7)
  4 ogres
  3 centaurs
  A crocodile (D:10)
  2 big kobolds
  Blork the orc (D:5)
  4 bullfrogs
  2 gnoll sergeants
  7 scorpions
  A troll zombie (D:7)
  2 wights (D:7)
  A bullfrog zombie (D:10)
  4 crimson imps
  4 human zombies (D:7)
  A quasit (D:7)
  6 hounds
  5 jellies
  A bullfrog skeleton (D:5)
  2 centaur skeletons
  6 orc priests
  An iguana (D:10)
  3 human skeletons (D:7)
  5 orc wizards
  11 worker ants
  A worker ant zombie (D:6)
  14 gnolls
  9 adders
  A shadow imp (D:8)
  3 oozes
  3 adder skeletons
  2 worms
  2 dart slugs (D:3)
  2 leopard geckos
  35 orcs
  5 giant cockroaches
  9 goblins
  7 hobgoblins
  25 jackals
  8 quokkas
  4 bats
  9 frilled lizards
  A giant cockroach zombie (D:6)
  17 kobolds
  A leopard gecko skeleton (D:8)
  A quokka skeleton (D:5)
  A quokka zombie (D:6)
  5 rats
289 creatures vanquished.

Notes
Turn   | Place    | Note
-------+----------+-------------------------------------------
     0 | D:1      | Araneus the Spriggan Enchanter began the quest for the Orb.
     0 | D:1      | Reached XP level 1. HP: 9/9 MP: 5/5
   359 | D:1      | Reached skill level 5 in Stealth
   359 | D:1      | Reached XP level 2. HP: 13/13 MP: 6/6
   386 | D:1      | Learned a level 2 spell: Ensorcelled Hibernation
   901 | D:1      | Reached XP level 3. HP: 16/16 MP: 8/8
  2206 | D:2      | Reached XP level 4. HP: 21/21 MP: 6/9
  2211 | D:2      | Learned a level 3 spell: Confuse
  2242 | D:2      | Found an ancient bone altar of Kikubaaqudgha.
  2820 | D:3      | Found a blossoming altar of Fedhas.
  2999 | D:3      | Reached skill level 4 in Dodging
  3158 | D:3      | Found a shadowy altar of Dithmenos.
  3580 | D:3      | Found a stormy altar of Qazlal.
  3960 | D:3      | Found an ornate altar of the Wu Jian Council.
  4100 | D:4      | Reached XP level 5. HP: 24/24 MP: 3/10
  4169 | D:4      | Noticed an ogre
  4183 | D:4      | Killed an ogre
  4363 | D:4      | Found a hide-covered altar of Uskayaw.
  4525 | D:4      | Reached XP level 6. HP: 20/28 MP: 7/12
  4624 | D:4      | Reached skill level 5 in Hexes
  4803 | D:5      | Entered Level 5 of the Dungeon
  5191 | D:5      | Reached XP level 7. HP: 32/32 MP: 8/14
  5523 | D:5      | Noticed Blork the orc
  5530 | D:5      | Killed Blork the orc
  5727 | D:6      | Reached skill level 5 in Dodging
  6294 | D:6      | Found a staircase to the Ecumenical Temple.
  6320 | Temple   | Entered the Ecumenical Temple
  6360 | Temple   | Became a worshipper of Warmaster Okawaru
  6504 | D:6      | Reached skill level 5 in Spellcasting
  6504 | D:6      | Reached XP level 8. HP: 19/36 MP: 13/16
  6825 | D:7      | Reached skill level 5 in Short Blades
  7340 | D:7      | Found a bloodstained altar of Trog.
  7378 | D:7      | Found a burning altar of Makhleb.
  7387 | D:7      | Found a glowing silver altar of Zin.
  7387 | D:7      | Noticed an angel
  7388 | D:7      | Noticed a green death
  7567 | D:7      | Reached * piety under Okawaru
  7567 | D:7      | Reached skill level 6 in Dodging
  7631 | D:7      | Found a glowing golden altar of the Shining One.
  7742 | D:7      | Found a basalt altar of Yredelemnul.
  7967 | D:7      | Reached skill level 1 in Evocations
  8084 | D:7      | Reached skill level 1 in Shields
  8324 | D:7      | Reached XP level 9. HP: 35/39 MP: 17/17
  8408 | D:8      | Noticed a two-headed ogre
  8424 | D:8      | Killed a two-headed ogre
  8424 | D:8      | Reached ** piety under Okawaru
  8424 | D:8      | Reached skill level 7 in Dodging
  8493 | D:8      | Found a sacrificial altar of Ru.
  8605 | D:8      | Found Wummoe's Weapon Shoppe.
  8667 | D:8      | Reached *** piety under Okawaru
  9449 | D:8      | Reached skill level 5 in Evocations
  9568 | D:8      | Found a bloodstained altar of Trog.
  9695 | D:9      | Reached skill level 8 in Dodging
  9695 | D:9      | Reached XP level 10. HP: 44/44 MP: 9/18
  9737 | D:9      | Reached skill level 10 in Short Blades
  9770 | D:9      | Reached **** piety under Okawaru
  9795 | D:9      | Found Yfolo's Weapon Boutique.
  9797 | D:9      | Found a staircase to the Orcish Mines.
  9839 | D:9      | Found a hazy altar of Hepliaklqana.
 10104 | D:9      | Reached skill level 9 in Dodging
 10192 | D:9      | Found a white marble altar of Elyvilon.
 10651 | D:9      | Noticed a two-headed ogre
 10662 | D:9      | Killed a two-headed ogre
 10662 | D:9      | Reached skill level 10 in Dodging
 10695 | D:10     | Entered Level 10 of the Dungeon
 10760 | D:10     | Reached ***** piety under Okawaru
 10983 | D:10     | Noticed a centaur warrior
 10992 | D:10     | Killed a centaur warrior
 10992 | D:10     | Received a gift from Okawaru
 10992 | D:10     | Reached XP level 11. HP: 38/47 MP: 16/21
 11028 | D:10     | Reached skill level 11 in Dodging
 11059 | D:10     | Noticed an orc sorcerer
 11063 | D:10     | Noticed a deep elf mage
 11066 | D:10     | Killed an orc sorcerer
 11069 | D:10     | Noticed an orc sorcerer
 11070 | D:10     | Killed a deep elf mage
 11075 | D:10     | Killed an orc sorcerer
 11216 | D:10     | Reached skill level 5 in Shields
 11577 | D:10     | Reached skill level 1 in Fighting
 11709 | D:10     | Noticed an unseen horror
 11712 | D:10     | Killed an unseen horror
 11712 | D:10     | Reached skill level 10 in Hexes
 11715 | D:10     | Received a gift from Okawaru
 11769 | D:10     | Noticed a centaur warrior
 11777 | D:10     | Killed a centaur warrior
 11849 | D:11     | Noticed a red ugly thing
 11884 | D:11     | Noticed a two-headed ogre
 11955 | D:11     | Killed a two-headed ogre
 11983 | D:11     | Killed from afar by a gargoyle

Skill      XL: |  1  2  3  4  5  6  7  8  9 10 11 |
---------------+----------------------------------+-----
Stealth        | 5 6 7 8 |  8.2
Short Blades   | 2 3 4 6 9 10 | 10.0
Hexes          | 4 5 7 8 9 10 | 10.0
Dodging        | 4 5 6 8 10 11 | 11.9
Spellcasting   | 3 4 5 6 8 |  8.1
Evocations     | 2 5 7 |  7.0
Shields        | 1 2 4 5 |  5.9
Fighting       | 2 |  2.4

Action                   |  1- 3 |  4- 6 |  7- 9 | 10-12 || total
-------------------------+-------+-------+-------+-------++-------
Melee: Dagger            |   207 |   187 |   239 |   261 ||   894
       Rapier            |       |       |   279 |       ||   279
       Punch             |       |       |     1 |       ||     1
       Quick blade       |       |       |       |   184 ||   184
 Cast: Ensorcelled Hiber |    12 |    20 |    77 |    67 ||   176
       Confuse           |       |     2 |     1 |       ||     3
Invok: Heroism           |       |       |     1 |     2 ||     3
Evoke: Wand              |       |       |     8 |     4 ||    12
  Use: Potion            |     1 |       |     2 |     5 ||     8
       Scroll            |       |     5 |     5 |     5 ||    15
 Stab: Sleeping          |    16 |    30 |    53 |    46 ||   145
       Confused          |       |     1 |     2 |       ||     3
       Paralysed         |       |       |     3 |     2 ||     5
       Distracted        |       |       |       |     1 ||     1
  Eat: Ration            |       |     2 |     4 |     1 ||     7
Armor: Robe              |    19 |     5 |    40 |    11 ||    75
Dodge: Dodged            |   165 |   125 |   433 |   214 ||   937
Block: Buckler           |       |       |       |    57 ||    57
